 Dungeon Crawl Stone Soup version 0.31-a0-799-g6bc09d010c (webtiles) character file.

Game seed: 17587407816742246268

714 pokeman the Thaumaturge (level 7, -2/40 HPs)
             Began as a Deep Elf Hedge Wizard on Sept 19, 2023.
             Killed from afar by Blork the orc (6 damage)
             ... with a magic dart
             ... on level 4 of the Dungeon.
             The game lasted 00:09:24 (4132 turns).

pokeman the Thaumaturge (Deep Elf Hedge Wizard)     Turns: 4132, Time: 00:09:25

Health: -2/40      AC:  4    Str:  7    XL:     7   Next: 41%
Magic:  2/20       EV: 13    Int: 21    God:
Gold:   205        SH:  0    Dex: 14    Spells: 14/22 levels left

rFire   . . .        i - +0 dagger (venom)
rCold   . . .        (no shield)
rNeg    . . .        b - +0 robe
rPois   .            e - +1 helmet
rElec   .            (no cloak)
rCorr   .            (no gloves)
SInv    .            (no boots)
Will    .....        (no amulet)
Stlth   ++           (no ring)
HPRegen 0.26/turn    (no ring)
MPRegen 0.17/turn

%: no passive effects
@: no status effects
A: no striking features
a: no special abilities


You were on level 4 of the Dungeon.
You visited 1 branch of the dungeon, and saw 4 of its levels.

You collected 205 gold pieces.

Inventory:

Hand Weapons
 i - a +0 dagger of venom (weapon)
Missiles
 o - a curare-tipped dart
Armour
 b - a +0 robe (worn)
 e - a +1 helmet (worn)
 p - a +0 ring mail of fire resistance
 t - a +0 kite shield
 u - an orb of mayhem
Magical Staves
 a - a staff of fire
Jewellery
 l - a ring of fire
Scrolls
 c - 4 scrolls of identify {unknown}
 g - a scroll of torment {unknown}
 j - a scroll of enchant weapon {unknown}
 k - a scroll of teleportation {unknown}
 m - 2 scrolls of amnesia {unknown}
 n - a scroll of immolation {unknown}
 s - a scroll of noise {unknown}
Potions
 d - a potion of magic
 f - a potion of attraction {unknown}
 h - a potion of might {unknown}
 q - a potion of berserk rage
 r - a potion of curing {unknown}


   Skills:
 - Level 2.0 Fighting
 + Level 1.1 Armour
 - Level 3.0 Dodging
 - Level 3.0 Stealth
 * Level 8.0 Spellcasting
 + Level 3.9 Conjurations
 - Level 1.1 Summonings
 - Level 1.1 Translocations
 + Level 2.8 Fire Magic
 - Level 1.0 Air Magic
 - Level 1.0 Poison Magic
 - Level 1.0 Evocations


You had 14 spell levels left.
You knew the following spells:

 Your Spells              Type           Power      Damage    Failure   Level
a - Magic Dart            Conj           96%        1d7       1%          1
b - Mephitic Cloud        Conj/Pois/Air  16%        N/A       11%         3
c - Call Imp              Summ           26%        N/A       8%          2
d - Blink                 Tloc           26%        N/A       8%          2

Your spell library contained the following spells:

 Spells                   Type           Power      Damage    Failure   Level
 Kiss of Death            Conj/Necr      64%        2d10      3%          1
 Slow                     Hex            32%        N/A       8%          1
 Cigotuvi's Dreadful Rot  Necr/Pois/Air  22%        N/A       9%          2
 Confusing Touch          Hex            8%         N/A       24%         3
 Dispel Undead            Necr           8%         3d8       61%         4


Dungeon Overview and Level Annotations

Branches:
Dungeon (4/15)
 Temple: D:4-7

Altars:
Kikubaaqudgha

Annotations:
D:4 Blork the orc


Message History

The adder misses you. The adder bites you but does no damage.
The orc priest hits you with a +0 trident.
* * * LOW HITPOINT WARNING * * *
Blork the orc comes into view.
He is wielding a +0 short sword.
Unknown command.
Casting: Magic Dart (safe; 1% risk of failure)
Confirm with . or Enter, or press ? or * to list all spells.
Aiming: Mephitic Cloud (dangerous; 11% risk of failure)
Press: ? - help, Shift-Dir - straight line, f - adder
Aim: an adder (moderately wounded, chance to affect: 91%)
The ball explodes into a vile cloud!
The stinking cloud engulfs the adder but does no damage.
The adder is moderately wounded.
The stinking cloud engulfs the orc priest but does no damage.
The orc priest is moderately wounded.
The stinking cloud engulfs you but does no damage.
You hear a shout!
The adder is engulfed in noxious fumes.
The adder appears confused.
The adder misses you.
The orc priest is engulfed in noxious fumes.
The orc priest hits you but does no damage.
Unknown command.
You hit the adder.
The adder is moderately wounded.
The adder is engulfed in noxious fumes.
The adder appears confused.
The adder completely misses you.
The adder barely misses itself.
The orc priest is engulfed in noxious fumes.
The orc priest appears confused.
The orc priest hits you with a +0 trident.
* * * LOW HITPOINT WARNING * * *
Unknown command.
The orc priest is engulfed in noxious fumes.
The orc priest appears confused.
The adder is engulfed in noxious fumes.
The adder appears confused.
You hit the adder.
The adder is poisoned.
The adder is heavily wounded.
The adder is engulfed in noxious fumes.
The adder appears confused.
Blork the orc casts a spell at you. The magic dart hits you.
You die...

.#..........###.........
.#.......#...##........#
.........##............#
.........#..............
####..........#.....##
####...#...#.....#
######.......## .
#######....#
...#..<###@...#
.......#Sā—‹.#.##
...)....)ā—‹.#.#
...).....o.###
.).#.......# . #..o....#
#......... .ā€
.#........
...###...~~~..


You could see Blork the orc, an orc priest (confused) and an adder (confused,
very poisoned).

Vanquished Creatures
  A kobold brigand (D:3)
  A scorpion (D:3)
  2 hounds (D:4)
  An iguana (D:4)
  Natasha (thrice) (D:3)
  Terence (D:3)
  4 orc wizards
  10 gnolls (D:3)
  5 adders
  A worm (D:2)
  5 dart slugs
  10 orcs
  2 bat zombies (D:3)
  5 endoplasms
  5 giant cockroaches
  3 goblins
  12 hobgoblins
  6 jackals
  A quokka (D:2)
  5 ball pythons
  2 bats (D:3)
  2 frilled lizards
  35 kobolds
  3 rats
  A rat zombie (D:3)
126 creatures vanquished.

Vanquished Creatures (collateral kills)
  A sleepcap (D:4)
1 creature vanquished.

Grand Total: 127 creatures vanquished

Notes
Turn   | Place    | Note
-------+----------+-------------------------------------------
     0 | D:1      | pokeman the Deep Elf Hedge Wizard began the quest for the
                  | Orb.
     0 | D:1      | Reached XP level 1. HP: 10/10 MP: 7/7
   134 | D:1      | Reached XP level 2. HP: 12/15 MP: 1/9
   410 | D:1      | Found a faded altar of an unknown god.
   851 | D:2      | Reached skill level 5 in Spellcasting
  1017 | D:2      | Reached XP level 3. HP: 19/20 MP: 11/11
  1021 | D:2      | Learned a level 3 spell: Mephitic Cloud
  1024 | D:2      | Learned a level 2 spell: Call Imp
  1027 | D:2      | Learned a level 2 spell: Blink
  1132 | D:2      | Reached skill level 1 in Fighting
  1336 | D:2      | Reached skill level 1 in Armour
  1340 | D:2      | HP: 1/20 [poisoned by an adder]
  1707 | D:3      | Reached XP level 4. HP: 21/25 MP: 6/13
  1761 | D:3      | Noticed Terence
  1772 | D:3      | Killed Terence
  2125 | D:3      | Found an ancient bone altar of Kikubaaqudgha.
  2156 | D:3      | Identified the +3 whip of Esaetoev {speed, *Noise rElec
                  | rCorr Int+2}
  2235 | D:3      | Reached skill level 6 in Spellcasting
  2348 | D:3      | Noticed a kobold brigand
  2379 | D:3      | Reached XP level 5. HP: 10/29 MP: 4/15
  2658 | D:3      | Noticed Natasha
  2665 | D:3      | Killed Natasha
  2699 | D:3      | Reached skill level 1 in Fire Magic
  2699 | D:3      | Reached skill level 1 in Poison Magic
  2699 | D:3      | Reached skill level 1 in Evocations
  2819 | D:3      | Reached skill level 1 in Air Magic
  2819 | D:3      | Reached XP level 6. HP: 34/34 MP: 10/17
  3302 | D:3      | Reached skill level 7 in Spellcasting
  3444 | D:3      | Noticed Natasha
  3449 | D:3      | Killed Natasha
  3559 | D:3      | Noticed Natasha
  3568 | D:3      | Killed Natasha
  3816 | D:4      | Reached XP level 7. HP: 34/39 MP: 13/20
  4126 | D:4      | Reached skill level 8 in Spellcasting
  4128 | D:4      | Noticed Blork the orc
  4132 | D:4      | Killed from afar by Blork the orc

Illustrated notes

Levels and vault maps discovered:
D:1:      dpeg_arrival_rooms_with_view, layout_rooms,
          nicolae_ecumenical_snake_handling
D:2:      layout_rooms
D:3:      minmay_goblin_kobold_castle, layout_loops_ring,
          lemuel_zombie_altar_kikubaaqudgha, uniq_terence, uniq_natasha
D:4:      kennysheep_spiral_hall, layout_cave_pools, fedhas_ov_isle_minmay,
          makhleb_altar_promises_db, jmf_multi_god_temple, serial_park,
          serial_park_square1 [serial_park_minivault_5x5_2], serial_park_tiny_2,
          serial_park_tiny_2, minmay_misc_feat_x, uniq_blork_the_orc, uniq_pikel

Skill      XL: |  1  2  3  4  5  6  7 |
---------------+----------------------+-----
Spellcasting   | 5 6 7 8 |  8.0
Fighting       | 1 2 |  2.0
Armour         | 1 |  1.1
Conjurations   | 2 3 |  3.9
Dodging        | 3 |  3.0
Stealth        | 3 |  3.0
Fire Magic     | 1 2 |  2.8
Poison Magic   | 1 |  1.0
Evocations     | 1 |  1.0
Air Magic      | 1 |  1.0
Summonings     | |  1.1
Translocations | |  1.1

Action                     |  1- 3 |  4- 6 |  7- 9 || total
---------------------------+-------+-------+-------++-------
  Melee: Dagger            |    33 |    65 |    44 ||   142
         Punch             |     1 |     3 |       ||     4
   Cast: Magic Dart        |    95 |   117 |    30 ||   242
         Mephitic Cloud    |       |    16 |     7 ||    23
         Call Imp          |       |     1 |     1 ||     2
    Use: Potion            |     1 |       |       ||     1
   Stab: Confused          |       |     2 |     4 ||     6
 Armour: Robe              |    19 |    43 |    25 ||    87
  Dodge: Dodged            |    37 |    61 |    28 ||   126

Table legend: (Time is in decaauts)
 A = Elapsed time spent in this place.
 B = Non-inter-level travel time spent in this place.
 C = Inter-level travel time spent in this place.
 D = Time resting spent in this place.
 E = Time spent auto-exploring this place.
 F = Levels seen in this place.
 G = Mean time per level.
                   A        B        C        D        E       F      G
               +--------+--------+--------+--------+--------+-----+--------+
         Total |   4146 |   4072 |     74 |    261 |   3054 |   4 | 1036.5 |
       Dungeon |   4146 |   4072 |     74 |    261 |   3054 |   4 | 1036.5 |
               +--------+--------+--------+--------+--------+-----+--------+

Top non-repeatable levels by time:
     D:3: 2223 daAuts
     D:1: 801 daAuts
     D:2: 797 daAuts
     D:4: 323 daAuts
